 Dungeon Crawl Stone Soup version 0.27-a0-972-gd1521fd518 (webtiles) character file.

Game seed: 13123828839619009802

91 Glokmah the Charlatan (level 4, 0/26 HPs)
             Began as a Kobold Artificer on Apr 13, 2021.
             Killed by divine providence
             ... invoked by an orc priest
              (12 damage)
             ... on level 2 of the Dungeon on Apr 14, 2021.
             The game lasted 00:08:52 (2710 turns).

Glokmah the Charlatan (Kobold Artificer)            Turns: 2710, Time: 00:08:52

Health: 0/26       AC:  4    Str:  9    XL:     4   Next: 87%
Magic:  4/4        EV: 14    Int: 12    God:
Gold:   49         SH:  0    Dex: 16    Spells: 1/3 levels left

rFire    . . .     SeeInvis .   b - +0 dagger
rCold    . . .     Faith    .   (shield restricted)
rNeg     . . .     Spirit   .   g - +0 leather armour
rPois    .         Reflect  .   l - +1 hat
rElec    .         Harm     .   (no cloak)
rCorr    .         Rampage  .   (no gloves)
Will     .....                  (no boots)
Stlth    +++.......             (no amulet)
HPRegen  0.08/turn              (no ring)
MPRegen  0.09/turn              (no ring)

@: no status effects
A: small, no large weapons, nightstalker 3
a: no special abilities


You were on level 2 of the Dungeon.
You visited 1 branch of the dungeon, and saw 2 of its levels.

You collected 49 gold pieces.

Inventory:

Hand Weapons
 a - a +0 short sword
 b - a +0 dagger (weapon)
Missiles
 f - 9 poisoned darts (quivered)
Armour
 g - a +0 leather armour (worn)
 l - a +1 hat (worn)
Wands
 c - a wand of flame (12)
 d - a wand of charming (12)
Scrolls
 h - 2 scrolls of identify {unknown}
 k - a scroll of teleportation {unknown}
Potions
 i - a potion of degeneration {unknown}
 j - 2 potions of curing {unknown}
Miscellaneous
 e - a piece from Xom's chessboard (12/15)


   Skills:
 + Level 1.9 Fighting
 * Level 1.3 Short Blades
 - Level 1.1 Throwing
 - Level 0.7 Armour
 - Level 2.8 Dodging
 * Level 3.1 Stealth
 + Level 0.3 Spellcasting
 + Level 0.5 Translocations
 * Level 4.4 Evocations


You had one spell level left.
You knew the following spells:

 Your Spells              Type           Power      Damage    Failure   Level
a - Blink                 Tloc           N/A        N/A       47%         2

Your spell library contained the following spells:

 Spells                   Type           Power      Damage    Failure   Level
 Magic Dart               Conj           0%         1d3       41%         1
 Call Imp                 Summ           0%         N/A       54%         2
 Slow                     Hex            0%         N/A       54%         2
 Conjure Flame            Conj/Fire      0%         6-21      78%         3
 Mephitic Cloud           Conj/Pois/Air  0%         N/A       78%         3


Dungeon Overview and Level Annotations

Branches:
Dungeon (2/15)

Altars:


Innate Abilities, Weirdness & Mutations

You are small and have problems with some larger weapons.
You are completely attuned to the shadows.


Message History

You detect the charmed orc wizard.
Reactivating autopickup.
Unknown command.
You see here a +0 spear.
Your orc wizard yells repeatedly.
Okay, then.
Aiming: Throw Flame
Press: ? - help, Shift-Dir - straight line, f - orc wizard
Aim: an orc wizard, wielding a +0 dagger and wearing a +0 robe (severely wounded, charmed, friendly, 33% to evade) Really fire at your orc wizard?
The puff of flame hits your orc wizard!
You kill your orc wizard!
Your Stealth skill increases to level 3!
You start resting.
An orc priest comes into view. It is wielding a +0 whip.
Things that are here:
a +0 dagger; a +0 robe; an orc corpse You catch the helpless orc priest completely off-guard!
You puncture the orc priest!
The orc priest is almost dead.
The orc priest shouts!
The orc priest mumbles some strange prayers to Beogh against you.
Pain shoots through your body!
An orc comes into view. It is wielding a +0 club.
Aiming: Charm
Press: ? - help, Shift-Dir - straight line, f - orc priest
Aim: an orc priest, wielding a +0 whip (almost dead, chance to affect: 59%)
The orc priest is charmed.
The orc shouts!
Unknown command.
You make a move on Xom's chessboard...
The orc is outlined in light.
The orc priest closely misses your orc priest.
You make a move on Xom's chessboard...
The orc priest twists and deforms.
The orc priest invokes the aid of Beogh against you.
Your orc priest struggles to resist.
You make a move on Xom's chessboard...
The orc struggles to resist.
Your orc priest barely misses the orc priest.
The orc priest calls down the wrath of Beogh upon you.
Beogh smites you!
You die...

#.## #....##.....#......#
...# #....####...#......#
...# #....# #####.>....#
...# #....# ###.....#
...####....#######.......#
......)......o..o#.#######
...#############o#.###
#### #<#o#...#
.....#@###.# #.####.###.#
. #.....# #####.# ###


You could see an orc priest (misshapen, ally target), an orc (corona) and a
friendly orc priest (charmed).

Vanquished Creatures
  An orc wizard (D:2)
  2 adders (D:2)
  2 dart slugs (D:1)
  An orc (D:2)
  5 ball pythons
  5 bats
  2 endoplasms (D:1)
  2 giant cockroaches
  4 goblins (D:1)
  3 hobgoblins (D:2)
  2 jackals (D:1)
  7 kobolds
  2 frilled lizards (D:1)
  4 rats (D:1)
42 creatures vanquished.

Vanquished Creatures (others)
  A jackal (D:1)
1 creature vanquished.

Grand Total: 43 creatures vanquished

Notes
Turn   | Place    | Note
-------+----------+-------------------------------------------
     0 | D:1      | Glokmah the Kobold Artificer began the quest for the Orb.
     0 | D:1      | Reached XP level 1. HP: 12/12 MP: 1/1
   380 | D:1      | Reached XP level 2. HP: 16/16 MP: 2/2
   467 | D:1      | Found a faded altar of an unknown god.
   558 | D:1      | Reached skill level 4 in Evocations
   773 | D:1      | Reached XP level 3. HP: 18/20 MP: 3/3
   901 | D:1      | Reached skill level 1 in Throwing
  1596 | D:1      | Learned a level 2 spell: Blink
  1932 | D:2      | Reached XP level 4. HP: 21/26 MP: 4/4
  2483 | D:2      | Reached skill level 1 in Short Blades
  2710 | D:2      | Killed from afar by an orc priest

Illustrated notes

Levels and vault maps discovered:
D:1:      minmay_arrival_up_and_down, layout_basic,
          hellmonk_ecumenical_altar_run_dry, st_stairs_9, grunt_decor_junction,
          chequers_arboretum, wad_floor_pattern_untrapped
D:2:      layout_basic

Skill      XL: |  1  2  3  4 |
---------------+-------------+-----
Stealth        | 2 3 |  3.1
Evocations     | 4 |  4.4
Throwing       | 1 |  1.1
Short Blades   | 1 |  1.3
Fighting       | |  1.9
Armour         | |  0.7
Dodging        | |  2.8
Spellcasting   | |  0.3
Translocations | |  0.5

Action                   |  1- 3 |  4- 6 || total
-------------------------+-------+-------++-------
Melee: Club              |    15 |       ||    15
       Dagger            |    79 |    26 ||   105
       Short sword       |     6 |       ||     6
Throw: Dart              |    19 |     9 ||    28
Evoke: Wand              |     2 |     4 ||     6
       Piece from Xom's  |     2 |     3 ||     5
 Stab: Sleeping          |    14 |     3 ||    17
       Distracted        |       |     1 ||     1
Armor: Leather armour    |    39 |     8 ||    47
Dodge: Dodged            |    83 |    29 ||   112

Table legend: (Time is in decaauts)
 A = Elapsed time spent in this place.
 B = Non-inter-level travel time spent in this place.
 C = Inter-level travel time spent in this place.
 D = Time resting spent in this place.
 E = Time spent auto-exploring this place.
 F = Levels seen in this place.
 G = Mean time per level.
                   A        B        C        D        E       F      G
               +--------+--------+--------+--------+--------+-----+--------+
         Total |   2713 |   2624 |     89 |    865 |    932 |   2 | 1356.5 |
       Dungeon |   2713 |   2624 |     89 |    865 |    932 |   2 | 1356.5 |
               +--------+--------+--------+--------+--------+-----+--------+

Top non-repeatable levels by time:
     D:1: 1648 daAuts
     D:2: 1065 daAuts
